 Dungeon Crawl Stone Soup version 0.22.0 (webtiles) character file.

814 GroovyGamera the Cleaver (level 7, -2/63 HPs)
             Began as a Minotaur Berserker on Aug 11, 2018.
             Was a Priest of Trog.
             Slain by Utoypn's ghost (6 damage)
             ... on level 5 of the Dungeon.
             The game lasted 00:12:50 (3767 turns).

GroovyGamera the Cleaver (Minotaur Berserker)       Turns: 3767, Time: 00:12:50

Health: -2/63      AC:  8    Str: 27    XL:     7   Next: 62%
Magic:  6/6        EV: 11    Int:  5    God:    Trog [***...]
Gold:   211        SH:  0    Dex: 10    Spells: 6/6 levels left

rFire    . . .     SeeInvis .   w - +1 hand axe (elec)
rCold    . . .     Gourm    .   (no shield)
rNeg     . . .     Faith    .   u - +0 scale mail
rPois    .         Spirit   .   (helmet restricted)
rElec    .         Reflect  .   q - +0 cloak
rCorr    .         Harm     .   (no gloves)
MR       ++...                  (no boots)
Stlth    ..........             (no amulet)
HPRegen  1.20/turn              (no ring)
MPRegen  0.10/turn              (no ring)

@: mighty, berserk cooldown, regenerating, slowed, very slow
A: retaliatory headbutt, horns 2
a: Berserk, Trog's Hand, Renounce Religion


You were on level 5 of the Dungeon.
You worshipped Trog.
Trog was most pleased with you.
You were hungry.

You visited 1 branch of the dungeon, and saw 5 of its levels.

You collected 211 gold pieces.

Inventory:

Hand Weapons
 r - a +3 hand axe of chopping
 w - a +1 hand axe of electrocution (weapon)
Missiles
 l - 5 javelins (quivered)
 p - 23 bolts
Armour
 q - a +0 cloak (worn)
 u - a +0 scale mail (worn)
Jewellery
 y - an uncursed ring of magical power {unknown}
Wands
 s - a wand of acid (3)
Scrolls
 b - 3 scrolls of enchant weapon
 h - 2 scrolls of magic mapping
 k - 2 scrolls of identify
 m - a scroll of teleportation {unknown}
 o - a scroll of enchant armour {unknown}
Potions
 a - 4 potions of lignification
 d - a potion of cancellation
 e - 2 potions of flight
 f - 4 potions of curing
 g - 5 potions of haste
 i - a potion of degeneration {unknown}
 n - 2 potions of agility
 t - a potion of berserk rage
 x - a potion of ambrosia
 z - a potion of magic {unknown}
 A - a potion of mutation {unknown}
 B - a potion of invisibility {unknown}
Comestibles
 c - 7 rations
 C - 3 chunks of flesh


   Skills:
 + Level 6.1 Fighting
 + Level 8.0 Axes
 + Level 5.7 Armour
 - Level 2.1 Dodging
 + Level 0.8 Stealth


You had 6 spell levels left.
You didn't know any spells.
Your spell library was empty.

Dungeon Overview and Level Annotations

Branches:
Dungeon (5/15)
 Temple: D:4-7

Altars:
Okawaru

Annotations:
D:4 2 transporters
D:5 Utoypn's ghost, novice GrFi


Innate Abilities, Weirdness & Mutations

You reflexively headbutt those who attack you in melee.
You have a pair of horns on your head.


Message History

Utoypn's ghost is almost destroyed.
Utoypn's ghost hits you!
* * * LOW HITPOINT WARNING * * *
You feel better.
Utoypn's ghost screams, "Very impressive.
But it won't help.
Nothing will."
Utoypn's ghost hits you.
* * * LOW HITPOINT WARNING * * *
Utoypn's ghost hits you!
* * * LOW HITPOINT WARNING * * *
You feel very mighty all of a sudden. Utoypn's ghost hits you!
* * * LOW HITPOINT WARNING * * *
You hit Utoypn's ghost. Your headbutt misses Utoypn's ghost.
Utoypn's ghost is almost destroyed.
Utoypn's ghost hits you but does no damage.
Utoypn's ghost misses you.
You hit Utoypn's ghost. Your headbutt misses Utoypn's ghost.
Utoypn's ghost is almost destroyed.
Utoypn's ghost hits you.
You die...

.##.......................?.....#
.#......................####....#
...(...#########.....#..........#
....#### ####....#####....# .)###
####.#### #....# .<# #♣8♣#.#
#....# ..# #.$.#.# #....# ..#
##W##.# #....# ..# #.@...# ######
..# ##..$## ..# ##### ###


You could see Utoypn's ghost.

Vanquished Creatures
  Menkaure (D:5)
  2 ogres (D:5)
  2 crimson imps (D:5)
  A centaur skeleton (D:2)
  Crazy Yiuf (D:3)
  A bullfrog skeleton (D:5)
  2 hounds (D:5)
  Natasha (thrice) (D:3)
  2 worker ants (D:5)
  Terence (D:2)
  A hound zombie (D:5)
  3 gnolls (D:3)
  A howler monkey skeleton (D:5)
  2 adders
  An adder zombie (D:5)
  A worm (D:5)
  A dart slug (D:1)
  5 leopard geckos
  9 orcs (D:3)
  3 ball pythons
  10 bats
  4 giant cockroaches
  9 goblins
  12 hobgoblins
  3 jackals (D:2)
  4 kobolds
  A frilled lizard (D:2)
  A quokka skeleton (D:4)
  5 rats
92 creatures vanquished.

Notes
Turn   | Place    | Note
-------+----------+-------------------------------------------
     0 | D:1      | GroovyGamera the Minotaur Berserker began the quest for the Orb.
     0 | D:1      | Reached XP level 1. HP: 19/19 MP: 0/0
   327 | D:1      | Reached skill level 4 in Axes
   327 | D:1      | Reached XP level 2. HP: 26/27 MP: 1/1
   823 | D:2      | Reached XP level 3. HP: 23/34 MP: 2/2
   923 | D:2      | Reached ** piety under Trog
   946 | D:2      | Reached XP level 4. HP: 33/41 MP: 3/3
   959 | D:2      | Noticed Terence
   965 | D:2      | Killed Terence
   965 | D:2      | Reached skill level 5 in Axes
  1731 | D:3      | Noticed Natasha
  1745 | D:3      | Killed Natasha
  1745 | D:3      | Reached skill level 5 in Fighting
  1745 | D:3      | Reached XP level 5. HP: 25/48 MP: 4/4
  1749 | D:3      | Noticed Natasha
  1765 | D:3      | Killed Natasha
  1960 | D:3      | Noticed Natasha
  1968 | D:3      | Killed Natasha
  1968 | D:3      | Reached skill level 6 in Axes
  1989 | D:3      | Reached *** piety under Trog
  2321 | D:3      | Found an iron altar of Okawaru.
  2343 | D:3      | Found a runed door.
  2347 | D:3      | Noticed Crazy Yiuf
  2351 | D:3      | Killed Crazy Yiuf
  2351 | D:3      | Reached XP level 6. HP: 52/56 MP: 2/5
  2839 | D:4      | Found a transporter.
  2889 | D:4      | Found a transporter.
  3041 | D:5      | Entered Level 5 of the Dungeon
  3241 | D:5      | Reached skill level 7 in Axes
  3247 | D:5      | Reached XP level 7. HP: 32/62 MP: 6/6
  3480 | D:5      | Reached skill level 5 in Armour
  3525 | D:5      | Noticed Menkaure
  3532 | D:5      | Killed Menkaure
  3678 | D:5      | Reached skill level 8 in Axes
  3730 | D:5      | Found a runed door.
  3730 | D:5      | Noticed Utoypn's ghost (novice GrFi)
  3765 | D:5      | HP: 1/63 [Utoypn's ghost (11)]
  3767 | D:5      | Slain by Utoypn's ghost

Skill      XL: |  1  2  3  4  5  6  7 |
---------------+----------------------+-----
Axes           | 4 5 6 7 8 |  8.0
Fighting       | 4 5 6 |  6.1
Armour         | 3 4 5 |  5.7
Dodging        | |  2.1
Stealth        | |  0.8

Action                   |  1- 3 |  4- 6 |  7- 9 || total
-------------------------+-------+-------+-------++-------
Melee: Hand axe          |    45 |   109 |    51 ||   205
       Headbutt          |     5 |    17 |     7 ||    29
Invok: Trog's Hand       |       |     3 |     2 ||     5
       Berserk           |       |     2 |     2 ||     4
  Use: Scroll            |     1 |    17 |       ||    18
       Potion            |       |     3 |     3 ||     6
  Eat: Chunk             |       |     6 |     1 ||     7
       Ration            |       |     1 |     1 ||     2
Armor: Leather armour    |    14 |       |       ||    14
       Ring mail         |       |    19 |       ||    19
       Scale mail        |       |    20 |    17 ||    37
Dodge: Dodged            |    32 |    87 |    17 ||   136
